 Dungeon Crawl Stone Soup version 0.24.0-123-gd5b16e6ec5 (webtiles) character file.

Game seed: 1980015582933045383, levelgen mode: deterministic

53 Davosk the Poker (level 3, -10/28 HPs)
             Began as a Merfolk Gladiator on Jan 16, 2020.
             Killed by nerve-wracking pain
             ... invoked by Grinder
              (12 damage)
             ... on level 3 of the Dungeon.
             The game lasted 00:12:27 (1410 turns).

Davosk the Poker (Merfolk Gladiator)                Turns: 1410, Time: 00:12:27

Health: -10/28     AC:  4    Str: 15    XL:     3   Next: 89%
Magic:  0/3        EV: 14    Int:  7    God:
Gold:   117        SH:  0    Dex: 15    Spells: 2/2 levels left

rFire    . . .     SeeInvis .   a - +0 trident
rCold    . . .     Gourm    .   (no shield)
rNeg     . . .     Faith    .   b - +0 leather armour
rPois    .         Spirit   +   c - +0 helmet
rElec    .         Reflect  .   (no cloak)
rCorr    .         Harm     .   (no gloves)
MR       .....                  (no boots)
Stlth    +.........             m - amulet of guardian spirit
HPRegen  0.09/turn              (no ring)
MPRegen  0.08/turn              (no ring)

@: no status effects
A: change form in water, swift swim, stealthy swim
a: no special abilities


You were on level 3 of the Dungeon.
You were not hungry.

You visited 1 branch of the dungeon, and saw 3 of its levels.

You collected 117 gold pieces.

Inventory:

Hand Weapons
 a - a +0 trident (weapon)
 q - a +1 dagger of speed
Missiles
 l - 5 javelins (quivered)
Armour
 b - a +0 leather armour (worn)
 c - a +0 helmet (worn)
 h - a +0 scale mail
 j - a +0 ring mail
Jewellery
 m - an amulet of guardian spirit (around neck)
Scrolls
 f - 2 scrolls of remove curse
 i - a scroll of enchant weapon {unknown}
 n - 3 scrolls of blinking
 o - a scroll of teleportation {unknown}
 p - a scroll of amnesia {unknown}
Potions
 g - a potion of lignification
 s - a potion of resistance
 t - a potion of degeneration {unknown}
Comestibles
 e - 4 rations
 r - 2 chunks of flesh


   Skills:
 + Level 2.5 Fighting
 * Level 5.4 Polearms
 + Level 2.3 Throwing
 - Level 0.3 Armour
 + Level 4.7 Dodging
 + Level 0.4 Stealth


You had 2 spell levels left.
You didn't know any spells.
Your spell library was empty.

Dungeon Overview and Level Annotations

Branches:
Dungeon (3/15)

Altars:
Nemelex Xobeh

Annotations:
D:3 Grinder


Message History

Grinder gestures at you. Pain shoots through your body!
You hit Grinder.
Grinder is moderately wounded.
Grinder says, "Are you a fish?" Grinder misses you.
You barely miss Grinder.
Grinder is moderately wounded.
Grinder misses you.
You closely miss Grinder.
Grinder is moderately wounded.
Grinder hits you!
* * * LOW HITPOINT WARNING * * *
You writhe in agony.
* * * LOW HITPOINT WARNING * * *
You closely miss Grinder.
Grinder is moderately wounded.
Grinder gestures at you. Pain shoots through your body!
You die...

. . # #+# #.#####.#
#......(#####
#....@#....#.
#####.5.# ... ###.#
#.# #.## ######.###.#
##... #........#.#
.....# #........#.#
##......
#<.........##.....#..
#######.........####.
##...........<..


You could see Grinder.

Vanquished Creatures
  2 worms (D:2)
  A dart slug (D:2)
  2 orcs (D:3)
  2 giant cockroaches
  7 goblins
  5 hobgoblins
  2 jackals (D:3)
  2 quokkas (D:2)
  6 bats
  3 frilled lizards
  7 kobolds
  6 rats
45 creatures vanquished.

Notes
Turn   | Place    | Note
-------+----------+-------------------------------------------
     0 | D:1      | Davosk the Merfolk Gladiator began the quest for the Orb.
     0 | D:1      | Reached XP level 1. HP: 16/16 MP: 1/1
    63 | D:1      | Reached XP level 2. HP: 22/22 MP: 2/2
   691 | D:2      | Reached XP level 3. HP: 15/27 MP: 3/3
   716 | D:2      | Reached skill level 5 in Polearms
  1300 | D:3      | Found a sparkling altar of Nemelex Xobeh.
  1393 | D:3      | Noticed Grinder
  1399 | D:3      | Paralysed by Grinder for 4 turns
  1410 | D:3      | Killed from afar by Grinder

Levels and vault maps discovered:
D:1:      lightli_iron_boxes, layout_loops_ring
D:2:      layout_basic
D:3:      layout_rooms, lemuel_round_altar, old_standard_altar, led_sif_pool,
          uniq_grinder

Skill      XL: |  1  2  3 |
---------------+----------+-----
Polearms       | 5 |  5.4
Fighting       | |  2.5
Throwing       | |  2.3
Armour         | |  0.3
Dodging        | |  4.7
Stealth        | |  0.4

Action                   || total
-------------------------++-------
Melee: Trident           ||   136
Throw: Throwing net      ||     9
  Use: Scroll            ||     8
       Potion            ||     1
 Stab: Held in net/web   ||     1
       Sleeping          ||     3
  Eat: Chunk             ||     2
Armor: Leather armour    ||    11
Dodge: Dodged            ||    63
